 Dungeon Crawl Stone Soup version 0.30-a0-591-g3c58d2bc28 (webtiles) character file.

Game seed: 12739925116970181331

1233 flotson the Sneak (level 8, -6/61 HPs)
             Began as a Demonspawn Delver on Jan 4, 2023.
             Was an Initiate of Hepliaklqana.
             Mangled by a water moccasin (7 damage)
             ... on level 6 of the Dungeon.
             The game lasted 00:10:05 (4190 turns).

flotson the Sneak (Demonspawn Delver)               Turns: 4190, Time: 00:10:06

Health: -6/61      AC: 10    Str: 14    XL:     8   Next: 24%
Magic:  9/9        EV: 13    Int: 17    God:    Hepliaklqana [......]
Gold:   261        SH:  0    Dex: 22    Spells: 7/7 levels left

rFire   . . .      SeeInvis .    o - +4 quarterstaff (chaos)
rCold   . . .      Faith    .    (shield currently unavailable)
rNeg    . . .      Spirit   .    i - +0 scale mail
rPois   .          Reflect  .    (helmet restricted)
rElec   .          Harm     .    k - +0 cloak
rCorr   .          Rampage  .    p - +1 pair of gloves
Will    .....                    (no boots)
Stlth   +++                      B - amulet of magic regeneration
HPRegen 0.30/turn                d - +6 ring of dexterity
MPRegen 0.51/turn                y - +6 ring of intelligence

@: brilliant, lethally poisoned (-6 -> -25)
A: antennae 1, powered by death 1, sturdy frame 2
a: Renounce Religion


You were on level 6 of the Dungeon.
You worshipped Hepliaklqana.
Hepliaklqana was noncommittal.
You visited 2 branches of the dungeon, and saw 7 of its levels.
You also visited: Sewer.

You collected 261 gold pieces.

Inventory:

Hand Weapons
 o - a +4 quarterstaff of chaos (weapon)
 v - a +1 trident of freezing
Missiles
 j - 25 poisoned darts (quivered)
Armour
 i - a +0 scale mail (worn)
 k - a +0 cloak (worn)
 p - a +1 pair of gloves (worn)
Jewellery
 d - a +6 ring of dexterity (left hand)
 y - a +6 ring of intelligence (right hand)
 B - an amulet of magic regeneration (around neck)
Wands
 g - a wand of digging (1)
 x - a wand of flame (21)
 C - a wand of iceblast (8)
Scrolls
 b - 7 scrolls of identify {unknown}
 c - a scroll of fog
 h - a scroll of enchant weapon {unknown}
 l - a scroll of brand weapon {unknown}
 q - 2 scrolls of blinking {unknown}
 s - 2 scrolls of magic mapping
 u - 5 scrolls of silence {unknown}
 z - 2 scrolls of immolation {unknown}
 A - a scroll of vulnerability {unknown}
 D - a scroll of noise {unknown}
 E - a scroll of teleportation {unknown}
 F - a scroll of amnesia {unknown}
Potions
 a - a potion of mutation {unknown}
 e - 3 potions of brilliance
 f - 2 potions of haste
 m - 2 potions of resistance {unknown}
 n - 4 potions of heal wounds {unknown}
 r - 2 potions of might {unknown}
 t - 4 potions of curing {unknown}
 w - 2 potions of degeneration {unknown}


   Skills:
 + Level 4.8 Fighting
 + Level 3.7 Axes
 + Level 3.1 Throwing
 + Level 3.3 Armour
 + Level 3.9 Dodging
 - Level 5.0 Stealth
 + Level 2.2 Invocations
 + Level 3.7 Evocations


You had 7 spell levels left.
You didn't know any spells.
Your spell library contained the following spells:

 Spells                   Type           Power      Damage    Failure   Level
 Apportation              Tloc           0%         N/A       36%         1
 Necrotise                Necr           0%         1d4       36%         1
 Sting                    Tmut/Pois      0%         1d3       36%         1
 Summon Small Mammal      Summ           0%         N/A       36%         1
 Blink                    Tloc           0%         N/A       50%         2
 Momentum Strike          Conj/Tloc      0%         3d8       50%         2
 Poisonous Vapours        Pois/Air       0%         N/A       50%         2
 Gell's Gravitas          Tloc           0%         N/A       75%         3
 Lesser Beckoning         Tloc           0%         N/A       75%         3
 Teleport Other           Tloc           0%         N/A       75%         3
 Olgreb's Toxic Radiance  Pois           0%         N/A       98%         4


Dungeon Overview and Level Annotations

Branches:
Dungeon (6/15)             Temple (1/1) D:4           Sewer (visited)

Altars:
Ashenzari
Cheibriados
Dithmenos
Gozag
Hepliaklqana
Kikubaaqudgha
Makhleb
Nemelex Xobeh
Okawaru
Qazlal
Sif Muna
Trog
Uskayaw
Vehumet
Xom
Yredelemnul


Innate Abilities, Weirdness & Mutations

You have a pair of small antennae on your head.
You regenerate a little health from kills.
Your movements are less encumbered by armour. (ER -4)


Message History

The water moccasin misses you.
You miss the water moccasin.
The water moccasin is heavily wounded.
You feel very sick. The water moccasin bites you. The water moccasin bites you!
You sock the water moccasin!
The water moccasin is severely wounded.
You feel sick.
The water moccasin completely misses you.
The water moccasin bites you!
You are lethally poisoned!
The water moccasin poisons you! The water moccasin misses you.
You are too injured to fight recklessly!
You are too injured to fight recklessly!
You are too injured to fight recklessly!
You are too injured to fight recklessly!
You are too injured to fight recklessly!
You are too injured to fight recklessly!
You are too injured to fight recklessly!
You are too injured to fight recklessly!
You are too injured to fight recklessly!
Unknown command.
You thump the water moccasin!
The water moccasin resists with some effort.
The water moccasin is almost dead.
* * * LOW HITPOINT WARNING * * *
You feel very sick. The water moccasin bites you.
* * * LOW HITPOINT WARNING * * *
The water moccasin bites you but does no damage.
The water moccasin bites you.
* * * LOW HITPOINT WARNING * * *
You are more poisoned.
The water moccasin poisons you!
It was a potion of brilliance.
You feel clever all of a sudden.
* * * LOW HITPOINT WARNING * * *
You feel very sick. The water moccasin bites you!
You die...

######### ........#
[......S# .......@#
##### ........#####
###...#
............######....##
...............##.....#
#####..##....#.##...###
##.##....#.....##
........#...###
....#......)########
<...........)...##...


You could see a water moccasin (berserk, poisoned).

Vanquished Creatures
  A shadow (D:6)
  Menkaure (D:4)
  A water moccasin (D:6)
  A phantom (D:5)
  A kobold brigand (Sewer)
  4 scorpions
  5 hounds
  An orc priest (D:6)
  Crazy Yiuf (D:2)
  An iguana (D:6)
  An orc wizard (D:6)
  8 adders
  A white imp (D:5)
  An ufetubus (D:5)
  2 worms
  2 dart slugs
  7 orcs
  9 bats
  8 endoplasms
  3 giant cockroaches
  8 goblins
  7 hobgoblins
  2 jackals (D:1)
  3 quokkas
  8 ball pythons
  5 frilled lizards
  19 kobolds
  11 rats
122 creatures vanquished.

Vanquished Creatures (others)
  An orc wizard (D:6)
  6 plants
7 creatures vanquished.

Grand Total: 129 creatures vanquished

Notes
Turn   | Place    | Note
-------+----------+-------------------------------------------
     0 | D:5      | flotson the Demonspawn Delver began the quest for the Orb.
     0 | D:5      | Reached XP level 1. HP: 18/18 MP: 1/1
   133 | D:5      | Noticed a scorpion
   146 | D:5      | Noticed a phantom
   155 | D:5      | Noticed a hound
   164 | D:5      | Found a glowing drain.
   177 | D:5      | Gained mutation: You have a pair of small antennae on your
                  | head. [demonic ancestry]
   177 | D:5      | Reached XP level 2. HP: 17/24 MP: 2/2
   180 | Sewer    | Entered a sewer
   295 | Sewer    | Reached skill level 1 in Armour
   295 | Sewer    | Reached XP level 3. HP: 13/29 MP: 3/3
   439 | Sewer    | Reached skill level 1 in Evocations
   461 | Sewer    | Noticed a kobold brigand
   471 | Sewer    | Killed a kobold brigand
   472 | Sewer    | Reached skill level 1 in Throwing
   472 | Sewer    | Gained mutation: You regenerate a little health from kills.
                  | [demonic ancestry]
   472 | Sewer    | Reached XP level 4. HP: 19/35 MP: 4/4
   673 | D:5      | Killed a phantom
   674 | D:5      | Gained mutation: Your movements are slightly less
                  | encumbered by armour. (ER -2) [demonic ancestry]
   674 | D:5      | Reached XP level 5. HP: 28/41 MP: 5/5
   705 | D:5      | Reached skill level 5 in Stealth
   744 | D:5      | Reached XP level 6. HP: 35/48 MP: 6/6
   929 | D:4      | Noticed Menkaure
  1786 | D:2      | Found a runed translucent door.
  1787 | D:2      | Noticed Crazy Yiuf
  1802 | D:2      | Killed Crazy Yiuf
  2495 | D:4      | Upgraded the game from 0.30-a0-586-g23e55c9e0a to
                  | 0.30-a0-591-g3c58d2bc28
  2641 | D:4      | Gained mutation: Your movements are less encumbered by
                  | armour. (ER -4) [demonic ancestry]
  2641 | D:4      | Reached XP level 7. HP: 54/54 MP: 7/7
  2972 | D:4      | Killed Menkaure
  3109 | D:4      | Found a staircase to the Ecumenical Temple.
  3116 | Temple   | Entered the Ecumenical Temple
  3116 | Temple   | Found a transporter.
  3116 | Temple   | Found a transporter.
  3118 | Temple   | Found a transporter.
  3118 | Temple   | Found a transporter.
  3147 | Temple   | Became a worshipper of Hepliaklqana the Forgotten
  3536 | D:5      | Found a stormy altar of Qazlal.
  3980 | D:6      | Reached skill level 1 in Invocations
  4024 | D:6      | Noticed a shadow
  4032 | D:6      | Killed a shadow
  4033 | D:6      | Reached XP level 8. HP: 56/61 MP: 7/9
  4190 | D:6      | HP: 1/61 [poisoned by a water moccasin]
  4190 | D:6      | Mangled by a water moccasin

Illustrated notes

Levels and vault maps discovered:
D:1:      amcnicky_arrival_single_pillar, layout_basic
D:2:      layout_rooms, serial_bayou_pond_e, uniq_crazy_yiuf_cottage
D:3:      layout_basic, guppyfry_early_orc_mine
D:4:      layout_basic, minmay_temple_entry_gardened_gates, uniq_menkaure
D:5:      layout_basic, grunt_qazlal_clouds, portal_sewer_entry_d,
          serial_corexii_hall, corexii_hall_statues_u,
          chequers_hall_statues_wall_a, corexii_hall_statues_i
D:6:      layout_rooms, gammafunk_ghost_hive
Temple:   hellmonk_temple_divided_pantheon

Skill      XL: |  1  2  3  4  5  6  7  8 |
---------------+-------------------------+-----
Axes           | 2 3 |  3.7
Armour         | 1 2 3 |  3.3
Dodging        | 2 3 |  3.9
Evocations     | 1 2 3 |  3.7
Throwing       | 1 2 3 |  3.1
Stealth        | 5 |  5.0
Fighting       | 4 |  4.8
Invocations    | 1 2 |  2.2

Action                   |  1- 3 |  4- 6 |  7- 9 || total
-------------------------+-------+-------+-------++-------
Melee: Hand axe          |    76 |    16 |       ||    92
       Punch             |     1 |     4 |       ||     5
       Dagger            |       |   157 |       ||   157
       Quarterstaff      |       |    61 |    65 ||   126
       Trident           |       |    12 |       ||    12
Throw: Dart              |     4 |       |       ||     4
Evoke: Wand              |     2 |       |       ||     2
  Use: Scroll            |     2 |       |       ||     2
       Potion            |     1 |     1 |     1 ||     3
 Stab: Sleeping          |       |    12 |     2 ||    14
Armor: Scale mail        |    50 |   110 |    25 ||   185
Dodge: Dodged            |    47 |   142 |    41 ||   230

Table legend: (Time is in decaauts)
 A = Elapsed time spent in this place.
 B = Non-inter-level travel time spent in this place.
 C = Inter-level travel time spent in this place.
 D = Time resting spent in this place.
 E = Time spent auto-exploring this place.
 F = Levels seen in this place.
 G = Mean time per level.
                   A        B        C        D        E       F      G
               +--------+--------+--------+--------+--------+-----+--------+
         Total |   4220 |   4123 |     97 |      0 |   2944 |   8 |  527.5 |
       Dungeon |   3680 |   3591 |     89 |      0 |   2673 |   6 |  613.3 |
        Temple |     52 |     44 |      8 |      0 |      4 |   1 |   52.0 |
         Sewer |    487 |    487 |      0 |      0 |    267 |   1 |  487.0 |
               +--------+--------+--------+--------+--------+-----+--------+

Top non-repeatable levels by time:
     D:5: 1187 daAuts
     D:4: 722 daAuts
     D:3: 645 daAuts
   Sewer: 487 daAuts
     D:2: 479 daAuts
     D:1: 393 daAuts
     D:6: 252 daAuts
  Temple: 52 daAuts
